AoeStats
← YOUNG MONEY

Arena

507380190Analyzed
4v4 RM · 13d ago on Sep 18, 2026· 44m 40s· 8 players
Game mode
Random Map
Map size
Large (8 player)
Population
200
Speed
Normal
Resources
Standard
Victory
Conquest
Starting age
Dark Age
Ending age
Imperial Age
RankedLock teamsTeams togetherTeam positionsShared explorationLock speedFull tech treeHidden civsTurbo modeCheats
Victory
Defeat
🇲🇽 Mongols · Mexico
1535
+11
🇺🇸 Huns · United States
1479
+13
🇬🇧 Franks · United Kingdom
1437
+15
🇺🇸 Vietnamese · United States
1397
+16
🇨🇦 Georgians · Canada
1468
-17
🇩🇰 Turks · Denmark
1428
-14
🇺🇸 Britons · United States
1390
-13
🇺🇸 Wei · United States
1355
-11
The Bloody-Nine
10:33 Feudal Age
14:25 Castle Age
12:52 Horse Collar
13:38 Double-Bit Axe
15:18 Heavy Plow
19:39 Wheelbarrow
20:51 Bow Saw
22:53 Hand Cart
23:06 Hand Cart
23:31 Gold Mining
23:36 Stone Mining
25:44 Loom
28:31 Imperial Age
27:05 Gold Shaft Mining
26:38 Scale Mail Armor
26:50 Forging
27:48 Chain Mail Armor
27:13 Pikeman
27:54 Squires
29:03 Iron Casting
29:05 Coinage
28:47 Masonry
28:21 Man-at-Arms
29:42 Iron Casting
28:57 Arson
28:36 Halberdier
29:01 Arson
28:47 Man-at-Arms
29:20 Light Cavalry
30:11 Bloodlines
30:01 Husbandry
29:49 Capped Ram
30:39 Town Watch
32:03 Blast Furnace
32:31 Two-Man Saw
32:00 Siege Ram
33:03 Town Patrol
33:37 Banking
34:08 Ballistics
34:54 Conscription
34:39 Marauders
34:34 Man-at-Arms
35:11 Fletching
36:23 Chemistry
35:41 Elite Tarkan
36:34 Scale Barding Armor
36:23 Man-at-Arms
36:23 Man-at-Arms
36:31 Hussar
37:39 Chain Barding Armor
39:03 Plate Barding Armor
38:24 Bodkin Arrow
44:20 Atheism
44:33 Caravan
YOUNG MONEY
7:22 Loom
10:59 Feudal Age
14:57 Castle Age
14:05 Double-Bit Axe
16:51 Bow Saw
21:35 Stone Mining
22:35 Wheelbarrow
23:19 Gold Mining
26:03 Hand Cart
28:48 Imperial Age
26:46 Scale Barding Armor
28:22 Gold Shaft Mining
28:41 Chain Barding Armor
28:32 Forging
28:55 Cavalier
29:36 Husbandry
30:13 Plate Barding Armor
30:15 Paladin
31:33 Iron Casting
32:16 Conscription
34:31 Blast Furnace
34:32 Town Watch
34:58 Chivalry
35:39 Light Cavalry
42:57 Town Patrol
TheLowercasee
12:18 Feudal Age
13:25 Horse Collar
13:34 Double-Bit Axe
16:01 Castle Age
16:12 Gold Mining
17:06 Bow Saw
16:58 Heavy Plow
19:15 Fletching
21:06 Stone Mining
21:38 Bodkin Arrow
22:55 Loom
23:46 Wheelbarrow
24:47 Hand Cart
28:29 Imperial Age
26:20 Padded Archer Armor
26:50 Ballistics
27:25 Leather Archer Armor
27:50 Thumb Ring
29:15 Bracer
30:24 Chemistry
30:54 Ring Archer Armor
31:47 Two-Man Saw
33:15 Scale Mail Armor
34:01 Elite Rattan Archer
38:29 Paper Money
38:45 Hoardings
38:53 Chain Mail Armor
38:48 Forging
42:51 Caravan
43:21 Coinage
43:02 Guilds
[KOF] santander
8:58 Feudal Age
10:14 Loom
14:05 Castle Age
12:30 Double-Bit Axe
13:42 Horse Collar
19:56 Bow Saw
21:18 Wheelbarrow
23:30 Hand Cart
24:27 Gold Mining
24:28 Stone Mining
28:20 Imperial Age
26:45 Gold Shaft Mining
26:27 Fletching
26:38 Padded Archer Armor
27:33 Ballistics
27:26 Bloodlines
27:17 Husbandry
28:33 Stone Shaft Mining
28:00 Bodkin Arrow
28:20 Leather Archer Armor
29:33 Bracer
30:04 Thumb Ring
30:48 Conscription
31:54 Chemistry
31:04 Capped Ram
32:36 Town Watch
32:14 Elite Mangudai
33:16 Drill
33:46 Siege Ram
39:49 Parthian Tactics
41:27 Scale Barding Armor
41:33 Forging
43:03 Chain Barding Armor
DK | murphelele
11:46 Feudal Age
15:45 Castle Age
14:13 Double-Bit Axe
15:09 Horse Collar
16:40 Scale Barding Armor
23:01 Loom
26:00 Wheelbarrow
30:40 Imperial Age
28:27 Hand Cart
30:10 Chain Barding Armor
30:04 Bloodlines
29:54 Husbandry
30:30 Forging
30:17 Fletching
30:49 Ballistics
30:40 Masonry
30:26 Murder Holes
31:13 Bow Saw
31:06 Heavy Plow
33:18 Plate Barding Armor
34:16 Iron Casting
35:30 Bodkin Arrow
35:06 Heavy Cavalry Archer
36:12 Parthian Tactics
38:47 Two-Man Saw
39:38 Padded Archer Armor
39:39 Bracer
43:17 Leather Archer Armor
43:32 Sipahi
43:32 Conscription
MrGodly0708
10:37 Feudal Age
12:04 Double-Bit Axe
12:38 Horse Collar
15:08 Castle Age
16:01 Heavy Plow
16:13 Bow Saw
21:56 Wheelbarrow
23:03 Hand Cart
23:18 Loom
23:31 Gold Mining
24:03 Stone Mining
24:50 Gold Shaft Mining
28:47 Imperial Age
26:40 Padded Archer Armor
26:30 Fletching
27:45 Ballistics
27:44 Leather Archer Armor
27:52 Bodkin Arrow
28:01 Town Watch
29:44 Yeomen
30:18 Conscription
30:05 Bracer
30:36 Ring Archer Armor
31:25 Two-Man Saw
30:00 Elite Longbowman
32:32 Chemistry
31:50 Masonry
33:54 Caravan
34:22 Siege Engineers
34:48 Architecture
36:09 Warwolf
36:43 Sappers
42:23 Murder Holes
43:31 Scale Mail Armor
43:41 Forging
43:26 Pikeman
43:52 Arson
43:59 Halberdier
44:41 Squires
45:00 Chain Mail Armor
VIT | Hera
10:51 Feudal Age
12:12 Double-Bit Axe
14:28 Castle Age
12:33 Horse Collar
15:09 Gold Mining
15:30 Bow Saw
15:34 Heavy Plow
20:26 Wheelbarrow
22:08 Hand Cart
22:36 Gold Mining
22:38 Stone Mining
27:44 Imperial Age
25:00 Loom
25:02 Town Watch
26:10 Scale Mail Armor
27:25 Chain Mail Armor
27:21 Forging
26:32 Pikeman
27:13 Squires
27:00 Arson
27:54 Treadmill Crane
29:07 Plate Mail Armor
28:00 Halberdier
29:24 Ballistics
28:56 Guard Tower
30:05 Iron Casting
30:52 Chemistry
30:16 Svan Towers
30:32 Conscription
30:49 Caravan
31:50 Keep
32:23 Blast Furnace
32:56 Masonry
33:30 Onager
34:16 Siege Engineers
34:59 Arrowslits
35:45 Architecture
35:16 Siege Onager
37:25 Fletching
38:07 Bodkin Arrow
38:50 Bracer
TeKarino
8:58 Feudal Age
9:21 Horse Collar
9:27 Double-Bit Axe
10:28 Wheelbarrow
10:15 Gold Mining
10:39 Stone Mining
17:06 Castle Age
15:21 Stone Mining
18:13 Bow Saw
18:03 Heavy Plow
18:14 Heavy Plow
19:18 Gold Shaft Mining
19:40 Loom
20:32 Loom
23:50 Hand Cart
29:45 Imperial Age
27:33 Tuntian
27:30 Town Watch
28:25 Scale Barding Armor
28:40 Fortified Wall
29:37 Chain Barding Armor
29:31 Forging
29:36 Bloodlines
31:18 Hoardings
32:03 Iron Casting
31:31 Husbandry
32:50 Conscription
33:05 Ballistics
35:19 Fletching
37:44 Bodkin Arrow
Connection lost

Rejoining the realm…

Still unreachable

The connection could not be restored.

Session expired

The server has moved on; the page needs a fresh start.